 Dungeon Crawl Stone Soup version 0.30.1-11-g7821555f0a (webtiles) character file.

Game seed: 16924883564256255879

4133 Martska the Ducker (level 10, -4/79 HPs)
             Began as a Human Monk on Dec 2, 2023.
             Was a Priest of Wu Jian.
             Slain by a centaur warrior (7 damage)
             ... on level 8 of the Dungeon.
             The game lasted 00:32:17 (12137 turns).

Martska the Ducker (Human Monk)                    Turns: 12137, Time: 00:32:17

Health: -4/79      AC:  9    Str: 15    XL:     10   Next: 51%
Magic:  14/14      EV: 15    Int: 12    God:    Wu Jian [***...]
Gold:   477        SH:  0    Dex: 15    Spells: 8/15 levels left

rFire   . . .        e - +3 short sword (freeze)
rCold   . . .        (no shield)
rNeg    . . .        k - +0 leather armour
rPois   .            i - +0 helmet
rElec   .            z - +0 cloak
rCorr   .            (no gloves)
SInv    .            (no boots)
Will    .....        p - amulet of the acrobat
Stlth   ++           s - +4 ring of protection
HPRegen 0.33/turn    (no ring)
MPRegen 0.14/turn

%: acrobat
@: marked, studying Throwing
A: no striking features
a: Renounce Religion, Wall Jump, Serpent's Lash


You were on level 8 of the Dungeon.
You worshipped Wu Jian.
Wu Jian was most pleased with you.
You visited 1 branch of the dungeon, and saw 8 of its levels.

You collected 489 gold pieces.
You spent 12 gold pieces at shops.

Inventory:

Hand Weapons
 b - a +2 dagger of draining
 e - a +3 short sword of freezing (weapon)
 g - a +2 hand axe of electrocution
 r - a +4 flail
Missiles
 v - 2 throwing nets (quivered)
Armour
 a - a +0 robe
 c - an orb of light
 i - a +0 helmet (worn)
 k - a +0 leather armour (worn)
 x - the +0 leather armour "Icsiqad" {Will+ Int+2 Stlth-}
   (You found it on level 5 of the Dungeon)

   Int:       It affects your intelligence (+2).
   Will:      It increases your willpower.
   Stlth:     It makes you less stealthy.
 z - a +0 cloak (worn)
Magical Staves
 C - a staff of air
Jewellery
 p - an amulet of the acrobat (around neck)
 s - a +4 ring of protection (left hand)
 w - an amulet of magic regeneration
 y - a ring of wizardry
 D - a ring of resist corrosion
Wands
 h - a wand of iceblast (15)
 q - a wand of paralysis (2)
Scrolls
 j - a scroll of magic mapping {unknown}
 l - a scroll of noise
 n - 6 scrolls of amnesia
 t - a scroll of enchant weapon {unknown}
 u - a scroll of silence {unknown}
Potions
 d - 2 potions of mutation
 f - a potion of haste {unknown}
 m - a potion of invisibility {unknown}
 o - a potion of lignification
 A - a potion of flight {unknown}
 B - a potion of might {unknown}


   Skills:
 * Level 7.4 Fighting
 * Level 7.4 Dodging
 - Level 4.0 Stealth
 * Level 6.6 Unarmed Combat
 - Level 3.1 Spellcasting
 * Level 5.1 Transmutations
 * Level 5.1 Air Magic


You had 8 spell levels left.
You knew the following spells:

 Your Spells              Type           Power      Damage    Failure   Level
a - Storm Form            Tmut/Air       7%         N/A       100%        7

Your spell library contained the following spells:

 Spells                   Type           Power      Damage    Failure   Level
 Cigotuvi's Dreadful Rot  Necr/Pois/Air  12%        N/A       22%         2
 Apportation              Tloc           2%         N/A       30%         1
 Necrotise                Necr           4%         1d4       30%         1
 Summon Small Mammal      Summ           4%         N/A       30%         1
 Blink                    Tloc           2%         N/A       41%         2
 Vampiric Draining        Necr           1%         2d6       65%         3
 Dispel Undead            Necr           1%         3d6       96%         4
 Manifold Assault         Tloc           1%         N/A       96%         4
 Agony                    Necr           1%         N/A       100%        5
 Death Channel            Necr           0%         N/A       100%        6


Dungeon Overview and Level Annotations

Branches:
Dungeon (8/15)             Temple (0/1) D:5
   Lair: D:8-11

Altars:
Ashenzari
Dithmenos
Fedhas
Gozag
Hepliaklqana
Kikubaaqudgha
Makhleb
Qazlal
Ru
Uskayaw
Vehumet
Wu Jian
Yredelemnul
The Shining One

Shops:
D:4 *   D:6 ==   D:8 :


Message History

A centaur warrior comes into view.
You hit the two-headed ogre. You freeze the two-headed ogre.
The two-headed ogre is almost dead.
The two-headed ogre misses you.
The two-headed ogre completely misses you.
The orc hits you with a +0 whip.
You barely miss the two-headed ogre.
The two-headed ogre is almost dead.
The orc barely misses you. The orc misses you.
The two-headed ogre hits you with a +0 giant club!
The two-headed ogre closely misses you.
You hit the two-headed ogre but do no damage.
The two-headed ogre is almost dead.
The orc closely misses you. The orc misses you.
You hit the two-headed ogre but do no damage.
The two-headed ogre is almost dead.
An orc wizard comes into view. It is wielding a +0 dagger.
The two-headed ogre closely misses you. The two-headed ogre barely misses you.
The orc closely misses you.
You hit the two-headed ogre. You freeze the two-headed ogre.
The two-headed ogre is almost dead.
The orc hits you from afar with a +0 trident.
An orc comes into view. It is wielding a +1 dagger of venom.
The centaur warrior hits you!
The centaur warrior kicks you but does no damage.
The two-headed ogre misses you.
The two-headed ogre hits you with a +0 giant club!!
* * * LOW HITPOINT WARNING * * *
You hit the two-headed ogre. You freeze the two-headed ogre.
The two-headed ogre is almost dead.
The centaur warrior hits you!
* * * LOW HITPOINT WARNING * * *
The centaur warrior kicks you but does no damage.
The orc wizard gestures wildly while chanting.
The orc wizard flickers and vanishes!
Deactivating autopickup; reactivate with Ctrl-A.
The orc hits you but does no damage.
A gargoyle comes into view. It is wielding a +0 mace.
The centaur warrior hits you!
You die...

............###
#........9...........
#.................###
#.................##
###..................#
#....................#
#....................#
#......co...........##
#.o...oO@...........#
...{...o#####........###
#####...# #..........#
#...# #.....>..#.# #####
#..........#
##..#.⌠.⌠..# #.........#
#.##..∩...# #.##....(.#


You could see a centaur warrior, a two-headed ogre, a gargoyle and 4 orcs.

Vanquished Creatures
  5 yaks
  A steam dragon (D:8)
  Menkaure (D:5)
  A water moccasin (D:5)
  Duvessa (D:6)
  2 sky beasts
  2 black bears
  An orc warrior (D:5)
  2 ice beasts
  An ogre (D:5)
  A centaur (D:5)
  2 phantoms (D:6)
  3 bullfrogs
  2 scorpions
  4 wights
  Dowan (D:6)
  10 killer bees
  3 jellies
  4 orc priests
  A hound (D:6)
  2 gnoll boudas
  6 iguanas
  6 orc wizards
  15 gnolls
  10 adders
  A shadow imp (D:5)
  4 white imps
  An ufetubus (D:5)
  2 worms (D:5)
  A dart slug (D:3)
  20 orcs
  12 ball pythons
  7 bats
  9 endoplasms
  5 giant cockroaches
  6 hobgoblins
  4 jackals (D:1)
  5 quokkas
  4 frilled lizards
  4 goblins
  10 kobolds
  5 rats
187 creatures vanquished.

Notes
Turn   | Place    | Note
-------+----------+-------------------------------------------
     0 | D:1      | Martska the Human Monk began the quest for the Orb.
     0 | D:1      | Reached XP level 1. HP: 18/18 MP: 1/1
   181 | D:1      | Found a faded altar of an unknown god.
   257 | D:1      | Reached XP level 2. HP: 18/24 MP: 2/2
   544 | D:1      | Reached XP level 3. HP: 13/27 MP: 3/3
  1245 | D:2      | Found an opulent altar of Gozag.
  1328 | D:2      | Reached XP level 4. HP: 24/32 MP: 4/4
  1472 | D:2      | Reached skill level 1 in Stealth
  2362 | D:3      | Reached XP level 5. HP: 25/42 MP: 6/6
  2717 | D:3      | Found a hazy altar of Hepliaklqana.
  2718 | D:3      | Found an ancient bone altar of Kikubaaqudgha.
  2718 | D:3      | Found a sacrificial altar of Ru.
  2718 | D:3      | Found an ornate altar of the Wu Jian Council.
  2718 | D:3      | Found a broken altar of Ashenzari.
  2719 | D:3      | Found a radiant altar of Vehumet.
  2719 | D:3      | Found a glowing golden altar of the Shining One.
  2720 | D:3      | Found a burning altar of Makhleb.
  2720 | D:3      | Found a hide-covered altar of Uskayaw.
  2721 | D:3      | Found a stormy altar of Qazlal.
  2722 | D:3      | Found a shadowy altar of Dithmenos.
  2722 | D:3      | Found a blossoming altar of Fedhas.
  2723 | D:3      | Found an opulent altar of Gozag.
  2726 | D:3      | Became a worshipper of the Wu Jian Council
  2726 | D:3      | Reached * piety under Wu Jian
  2726 | D:3      | Reached ** piety under Wu Jian
  2988 | D:4      | Found Qomm's CLEARANCE SALE!.
  2995 | D:4      | Bought a scroll of teleportation for 6 gold pieces
  2995 | D:4      | Bought a scroll of teleportation for 6 gold pieces
  3203 | D:4      | Reached skill level 1 in Spellcasting
  3314 | D:4      | Reached XP level 6. HP: 38/48 MP: 6/8
  4526 | D:4      | Noticed an ice beast
  4542 | D:5      | Entered Level 5 of the Dungeon
  4548 | D:5      | Reached XP level 7. HP: 55/55 MP: 10/10
  4598 | D:5      | Noticed a water moccasin
  4602 | D:5      | Killed a water moccasin
  4858 | D:5      | Noticed Menkaure
  4927 | D:4      | Reached skill level 5 in Fighting
  4927 | D:4      | Reached skill level 5 in Dodging
  4935 | D:4      | Learned a level 7 spell: Storm Form
  5169 | D:5      | Killed Menkaure
  5170 | D:5      | Reached XP level 8. HP: 42/62 MP: 12/12
  5192 | D:5      | Reached skill level 1 in Transmutations
  5192 | D:5      | Reached skill level 1 in Air Magic
  5254 | D:5      | Reached *** piety under Wu Jian
  5258 | D:5      | Identified the +0 leather armour "Icsiqad" {Will+ Int+2
                  | Stlth-}
  5417 | D:5      | Found a staircase to the Ecumenical Temple.
  5589 | D:5      | Found the +5 woodcutter's axe
  6013 | D:6      | HP: 3/63 [poisoned by a gnoll]
  6386 | D:6      | Found a basalt altar of Yredelemnul.
  6406 | D:6      | Noticed a yak
  6407 | D:6      | Noticed Duvessa
  6418 | D:6      | Noticed Dowan
  6452 | D:5      | HP: 2/64 [orc warrior/+0 battleaxe (16)]
  6742 | D:5      | Reached XP level 9. HP: 69/69 MP: 13/13
  7034 | D:6      | Reached skill level 5 in Unarmed Combat
  7041 | D:6      | Found Gonock's Jewellery Shop.
  7222 | D:6      | Killed Dowan
  7801 | D:6      | Killed Duvessa
  8034 | D:6      | Found Duraqav's Jewellery Shop.
  8643 | D:7      | Reached **** piety under Wu Jian
  9332 | D:6      | HP: 2/71 [killer bee (8)]
  9745 | D:7      | Reached XP level 10. HP: 72/77 MP: 14/14
 10373 | D:7      | HP: 5/118 [poisoned by a killer bee]
 10962 | D:8      | Noticed a boulder beetle
 11713 | D:8      | Reached skill level 5 in Transmutations
 11713 | D:8      | Reached skill level 5 in Air Magic
 12088 | D:8      | Found Roxikes's Vocational Training.
 12118 | D:8      | Noticed a two-headed ogre
 12131 | D:8      | Noticed a centaur warrior
 12137 | D:8      | HP: 3/79 [centaur warrior (7)]
 12137 | D:8      | Noticed a gargoyle
 12137 | D:8      | Slain by a centaur warrior

Illustrated notes

Levels and vault maps discovered:
D:1:      dpeg_arrival_houses_and_road, layout_basic,
          hellmonk_ecumenical_altar_pennies_from_heaven,
          minmay_misc_feat_columns
D:2:      layout_loops_corners, basic_altar
D:3:      layout_basic, nicolae_overflows_in_rows
D:4:      layout_basic, nicolae_shop_clearance
D:5:      layout_basic, temple_statues, uniq_menkaure
D:6:      layout_loops_ring, amcnicky_altar_gilded, serial_shops,
          nicolae_shop_behind_doors, shop, grunt_ministairs_15, minivault_5,
          minmay_manual_moon, uniq_duvessa
D:7:      layout_rooms, dk_vineyard_1
D:8:      minmay_the_grid_four_pointed_star
          [minmay_the_grid_triangle_9x9_windchime,
          minmay_the_grid_triangle_9x9_sparse_checkered,
          minmay_the_grid_triangle_9x9_pentomino_pain,
          minmay_the_grid_triangle_9x9_swiss_cheese,
          minmay_the_grid_prize_four_corners_diamond_b], layout_basic,
          nicolae_shop_vocational

Skill      XL: |  1  2  3  4  5  6  7  8  9 10 |
---------------+-------------------------------+-----
Stealth        | 1 2 3 4 |  4.0
Spellcasting   | 1 2 3 |  3.1
Fighting       | 4 5 6 7 |  7.4
Dodging        | 4 5 6 7 |  7.4
Unarmed Combat | 4 5 6 |  6.6
Transmutations | 2 4 5 |  5.1
Air Magic      | 2 4 5 |  5.1

Action                     |  1- 3 |  4- 6 |  7- 9 | 10-12 || total
---------------------------+-------+-------+-------+-------++-------
  Melee: Unarmed           |    95 |       |       |    18 ||   113
         Punch             |     3 |     6 |    13 |     2 ||    24
         Dagger            |    25 |   200 |       |       ||   225
         Hand axe          |       |     3 |   227 |       ||   230
         Short sword       |       |       |   123 |   123 ||   246
         Flail             |       |       |     8 |       ||     8
 Invoke: Serpent's Lash    |       |       |       |     1 ||     1
Ability: Whirlwind         |       |     8 |     7 |     1 ||    16
         Lunge             |       |    10 |    18 |     3 ||    31
  Evoke: Wand              |       |       |    12 |    19 ||    31
    Use: Potion            |     1 |       |     4 |     3 ||     8
         Scroll            |       |     7 |     9 |       ||    16
   Stab: Sleeping          |     2 |     6 |     5 |       ||    13
         Distracted        |       |       |     1 |     1 ||     2
 Armour: Robe              |    36 |    34 |   127 |    46 ||   243
         Leather armour    |       |       |       |     4 ||     4
         Skin              |       |       |       |     2 ||     2
  Dodge: Dodged            |   116 |   131 |   382 |   175 ||   804
